 Dungeon Crawl Stone Soup version 0.24-a0-416-g56ce5178b7 (webtiles) character file.

Game seed: 9576653396667520090

7 MachJacob the Magician (level 2, -1/22 HPs)
             Began as a Naga Wizard on June 9, 2019.
             Slain by an adder (4 damage)
             ... on level 1 of the Dungeon.
             The game lasted 00:03:37 (1311 turns).

MachJacob the Magician (Naga Wizard)                Turns: 1311, Time: 00:03:37

Health: -1/22      AC:  1    Str:  9    XL:     2   Next: 4%
Magic:  0/6        EV: 10    Int: 18    God:
Gold:   57         SH:  0    Dex:  9    Spells: 4/7 levels left

rFire    . . .     SeeInvis +   (no weapon)
rCold    . . .     Gourm    .   (no shield)
rNeg     . . .     Faith    .   a - +0 robe
rPois    +         Spirit   .   b - +0 hat
rElec    .         Reflect  .   (no cloak)
rCorr    .         Harm     .   (no gloves)
MR       .....                  (no barding)
Stlth    ++........             (no amulet)
HPRegen  0.07/turn              (no ring)
MPRegen  0.10/turn              (no ring)

@: very slightly contaminated, very slow
A: large, see invisible, deformed body, poison resistance, slowness 2, slow
metabolism 1, spit poison 1, AC +0
a: Spit Poison


You were on level 1 of the Dungeon.
You were hungry.

You visited 1 branch of the dungeon, and saw 2 of its levels.

You collected 57 gold pieces.

Inventory:

Missiles
 c - 43 stones (quivered)
Armour
 a - a +0 robe (worn)
 b - a +0 hat (worn)
Scrolls
 e - a scroll of teleportation
 h - a scroll of amnesia {unknown}
 i - a scroll of enchant armour {unknown}
Comestibles
 d - 3 rations


   Skills:
 + Level 1.7 Dodging
 - Level 3.0 Stealth
 + Level 3.1 Spellcasting
 * Level 1.3 Conjurations
 * Level 1.0 Summonings
   Level 1.0 Translocations


You had 4 spell levels left.
You knew the following spells:

 Your Spells              Type           Power        Failure   Level  Hunger
a - Magic Dart            Conj           #...         9%          1    None
b - Call Imp              Summ           #.......     16%         2    ##.....

Your spell library contained the following spells:

 Spells                   Type           Power        Failure   Level  Hunger
 Blink                    Tloc           N/A          16%         2    ##.....
 Slow                     Hex            #.......     24%         2    ##.....
 Conjure Flame            Conj/Fire      #.......     36%         3    ###....
 Mephitic Cloud           Conj/Pois/Air  #.......     38%         3    ###....


Dungeon Overview and Level Annotations

Branches:
Dungeon (2/15)

Altars:


Innate Abilities, Weirdness & Mutations

You cannot wear boots.
Your serpentine skin is tough. (AC +0)
You have supernaturally acute eyesight. (SInv)
Armour fits poorly on your strangely shaped body.
Your system is resistant to poisons. (rPois)
You cover ground very slowly.
You have a slow metabolism.
You can spit poison.


Message History

The adder bites you.
Casting: Call Imp (safe; 16% risk of failure)
Confirm with . or Enter, or press ? or * to list all spells.
Aiming: Magic Dart (safe; 9% risk of failure)
Press: ? - help, Shift-Dir - straight line, f - adder
Aim: an adder The magic dart hits the adder.
The adder is heavily wounded.
The adder bites you.
Casting: Magic Dart (safe; 9% risk of failure)
Confirm with . or Enter, or press ? or * to list all spells.
Aiming: Magic Dart (safe; 9% risk of failure)
Press: ? - help, Shift-Dir - straight line, f/p - adder
Aim: an adder (heavily wounded)
The magic dart hits the adder.
The adder is severely wounded.
The adder bites you.
* * * LOW HITPOINT WARNING * * *
The adder bites you.
You die...

...# #.# #...........
#.## #÷# ####.#.##...
...######.# #.#.##...
#.........# #.#.##...
#.######### ###.#.###..
#.# #...#.# #.# #.#
##.###.###.# #.####
##########...##.....#
#....#
#.5S@............####
####.#
#.########...##.÷...# #.#
#.# ###.###.###.# #.# #.#
#..>......#.# #.# ##.##
####.###.....#.. #.#
####.5.###.>.># #........
#.#
#.......>..##.###.....##.
#.#
#.......###.#.........##.
####.####......##
##.##.###.####.


You could see an adder and a friendly crimson imp.

Vanquished Creatures
  A dart slug (D:1)
  2 bats (D:1)
  2 frilled lizards (D:1)
  A goblin (D:1)
  A kobold (D:1)
  A rat (D:1)
8 creatures vanquished.

Notes
Turn   | Place    | Note
-------+----------+-------------------------------------------
     0 | D:1      | MachJacob the Naga Wizard began the quest for the Orb.
     0 | D:1      | Reached XP level 1. HP: 15/15 MP: 4/4
   608 | D:1      | Reached XP level 2. HP: 22/22 MP: 4/6
   626 | D:1      | Learned a level 2 spell: Call Imp
  1311 | D:1      | Slain by an adder

Levels and vault maps discovered:
D:1:      kennysheep_arrival_forest, layout_loops_ring, minmay_tiny_reverse_x
D:2:      layout_rooms, grunt_temple_overflow_open,
          chequers_ecumenical_altar_simple_redux

Action                   || total
-------------------------++-------
Melee: Unarmed           ||     8
 Cast: Magic Dart        ||    17
       Call Imp          ||     4
 Abil: Spit Poison       ||     1
  Use: Scroll            ||     1
       Potion            ||     1
 Stab: Sleeping          ||     1
Armor: Robe              ||     3
Dodge: Dodged            ||    16

Table legend:
 A = Non-vault XP
 B = Vault XP
 C = Vault XP percentage of total XP
 D = Non-vault monster count
 E = Vault monster count
 F = Vault count percentage of total count
                 A         B        C        D         E       F
            +---------+---------+-------+---------+---------+-------
      Total |       9 |       2 |  18.2 |       6 |       2 |  25.0
            +---------+---------+-------+---------+---------+-------
        D:1 |       9 |       2 |  18.2 |       6 |       2 |  25.0
            +---------+---------+-------+---------+---------+-------
